 Dungeon Crawl Stone Soup version 0.30-a0-137-gd8773701ce (webtiles) character file.

Game seed: 1846760608785214522

29 purpskrrrp the Insei (level 2, -8/23 HPs)
             Began as a Demigod Transmuter on Sept 22, 2022.
             Mangled by a gnoll
             ... wielding a +0 halberd
              (9 damage)
             ... on level 2 of the Dungeon.
             The game lasted 00:02:54 (1524 turns).

purpskrrrp the Insei (Demigod Transmuter)           Turns: 1524, Time: 00:02:54

Health: -8/23      AC:  2    Str: 11    XL:     2   Next: 81%
Magic:  7/7        EV: 12    Int: 15    God:
Gold:   46         SH:  0    Dex: 14    Spells: 4/5 levels left

rFire   . . .      SeeInvis .      - Unarmed
rCold   . . .      Faith    .    (no shield)
rNeg    . . .      Spirit   .    a - +0 robe
rPois   .          Reflect  .    d - +0 hat
rElec   .          Harm     .    (no cloak)
rCorr   .          Rampage  .    (no gloves)
Will    .....                    (no boots)
Stlth   +.........               (no amulet)
HPRegen 0.07/turn                (no ring)
MPRegen 0.10/turn                (no ring)

@: no status effects
A: high MP 1, forlorn, divine attributes
a: no special abilities


You were on level 2 of the Dungeon.
You visited 1 branch of the dungeon, and saw 2 of its levels.

You collected 46 gold pieces.

Inventory:

Missiles
 e - 11 poisoned darts
Armour
 a - a +0 robe (worn)
 d - a +0 hat (worn)
Potions
 b - a potion of lignification
 c - a potion of cancellation
 f - a potion of resistance {unknown}
 i - a potion of haste {unknown}
 k - a potion of attraction {unknown}


   Skills:
 + Level 1.2 Fighting
 + Level 2.1 Dodging
 + Level 2.9 Unarmed Combat
 + Level 2.0 Spellcasting
 * Level 2.3 Transmutations


You had 4 spell levels left.
You knew the following spells:

 Your Spells              Type           Power      Damage    Failure   Level
a - Beastly Appendage     Tmut           16%        N/A       9%          1

Your spell library contained the following spells:

 Spells                   Type           Power      Damage    Failure   Level
 Wereblood                Tmut           8%         N/A       13%         2
 Spider Form              Tmut/Pois      5%         N/A       38%         3
 Gell's Gravitas          Tloc           1%         N/A       54%         3
 Lesser Beckoning         Tloc           1%         N/A       54%         3
 Teleport Other           Tloc           1%         N/A       54%         3
 Ice Form                 Ice/Tmut       5%         N/A       80%         4


Dungeon Overview and Level Annotations

Branches:
Dungeon (2/15)


Innate Abilities, Weirdness & Mutations

You have an increased reservoir of magic. (+10% MP)
You shall have no god before yourself.
Your divine heritage dramatically boosts your attributes as you level up.


Message History

There is a stone staircase leading up here.
You see here 4 stones. 3 gnolls come into view.
The gnoll shouts! x2
The gnoll moves out of view.
There are monsters nearby!
You grow a pair of large bovine horns.
Your feet morph into talons.
Your +0 hat melds into your body.
A gnoll comes into view. It is wielding a +0 club.
You barely miss the gnoll.
The gnoll shouts!
You headbutt the gnoll.
The gnoll is moderately wounded.
You hit the gnoll but do no damage. Your headbutt misses the gnoll.
Your transformation is almost over.
The gnoll attacks as you move away! The gnoll barely misses you.
The gnoll attacks as you move away! The gnoll hits you with a +0 club!
You closely miss the gnoll. You barely miss the gnoll.
An adder comes into view.
The gnoll barely misses you.
You hit the gnoll. You claw the gnoll.
The gnoll is severely wounded.
The gnoll closely misses you.
You barely miss the gnoll. You claw the gnoll.
The gnoll is severely wounded.
The gnoll hits you with a +0 club!
* * * LOW HITPOINT WARNING * * *
You closely miss the gnoll. You headbutt the gnoll.
You kill the gnoll!
Your Spellcasting skill increases to level 2!
You hit the gnoll. Your kick misses the gnoll.
The gnoll is moderately wounded.
Your horns disappear.
Your talons disappear.
Your +0 hat unmelds from your body.
A hobgoblin comes into view.
The gnoll hits you with a +0 club.
* * * LOW HITPOINT WARNING * * *
The gnoll hits you from afar with a +0 halberd!
You die...

.# .# .# g##
g. .#
#######g#####.
#..@ggS.......
#.####g...###.
#.............
#(####....###.
#.# ##.#.# #<#
...# #.# ....
#.# ....# #..


You could see 3 gnolls, an adder and a hobgoblin.

Vanquished Creatures
  A gnoll (D:2)
  2 ball pythons (D:1)
  2 goblins (D:1)
  7 hobgoblins (D:1)
  2 bats (D:1)
  A frilled lizard (D:1)
  2 kobolds (D:1)
  A rat (D:1)
18 creatures vanquished.

Notes
Turn   | Place    | Note
-------+----------+-------------------------------------------
     0 | D:1      | purpskrrrp the Demigod Transmuter began the quest for the
                  | Orb.
     0 | D:1      | Reached XP level 1. HP: 15/15 MP: 5/5
   210 | D:1      | Reached skill level 1 in Fighting
   468 | D:1      | Reached XP level 2. HP: 7/23 MP: 7/7
  1524 | D:2      | HP: 1/23 [gnoll/+0 club (5)]
  1524 | D:2      | Mangled by a gnoll

Illustrated notes

Levels and vault maps discovered:
D:1:      dpeg_arrival_rooms_a, layout_basic, basic_ecumenical_altar
D:2:      layout_loops_ring, basic_altar, minmay_rat_gold_closets

Skill      XL: |  1  2 |
---------------+-------+-----
Fighting       | 1 |  1.2
Transmutations | 2 |  2.3
Dodging        | 2 |  2.1
Spellcasting   | 2 |  2.0
Unarmed Combat | |  2.9

Action                   || total
-------------------------++-------
Melee: Unarmed           ||    58
       Kick              ||    13
       Headbutt          ||     6
       Punch             ||     2
 Cast: Beastly Appendage ||    14
  Use: Scroll            ||     4
Armor: Robe              ||     7
Dodge: Dodged            ||    31

Table legend: (Time is in decaauts)
 A = Elapsed time spent in this place.
 B = Non-inter-level travel time spent in this place.
 C = Inter-level travel time spent in this place.
 D = Time resting spent in this place.
 E = Time spent auto-exploring this place.
 F = Levels seen in this place.
 G = Mean time per level.
                   A        B        C        D        E       F      G
               +--------+--------+--------+--------+--------+-----+--------+
         Total |   1520 |   1510 |     10 |    429 |    918 |   2 |  760.0 |
       Dungeon |   1520 |   1510 |     10 |    429 |    918 |   2 |  760.0 |
               +--------+--------+--------+--------+--------+-----+--------+

Top non-repeatable levels by time:
     D:1: 1499 daAuts
     D:2: 21 daAuts
